 Dungeon Crawl Stone Soup version 0.30-a0-462-gd5975efbca (webtiles) character file.

Game seed: 13908185939983589305

48 holysushi the Sneak (level 3, 0/18 HPs)
             Began as a Vine Stalker Enchanter on Dec 16, 2022.
             Succumbed to an adder's poison
             ... on level 2 of the Dungeon.
             The game lasted 00:03:54 (1440 turns).

holysushi the Sneak (Vine Stalker Enchanter)        Turns: 1440, Time: 00:03:55

Health: 0/18       AC:  3    Str:  8 (10) XL:     3   Next: 72%
Magic:  3/7        EV: 12    Int: 14 (15) God:
Gold:   124        SH:  0    Dex: 13 (16) Spells: 4/6 levels left

rFire   . . .      SeeInvis .    d - +0 dagger (venom)
rCold   . . .      Faith    .    (no shield)
rNeg    + . .      Spirit   +    j - +1 robe {rN+}
rPois   .          Reflect  .    (no helmet)
rElec   .          Harm     .    (no cloak)
rCorr   .          Rampage  .    (no gloves)
Will    .....                    (no boots)
Stlth   ++........               (no amulet)
HPRegen 0.23/turn                (no ring)
MPRegen 0.10/turn                (no ring)

@: lethally poisoned (0 -> -6)
A: fangs 2, magic shield, antimagic bite, no potion heal 2
a: no special abilities


You were on level 2 of the Dungeon.
You visited 1 branch of the dungeon, and saw 2 of its levels.

You collected 124 gold pieces.

Inventory:

Hand Weapons
 a - a +1 dagger
 d - a +0 dagger of venom (weapon)
 h - a +1 short sword of holy wrath
Armour
 j - a +1 robe of positive energy (worn)
Wands
 l - a wand of flame (21)
Scrolls
 b - a scroll of acquirement {unknown}
 e - 2 scrolls of identify {unknown}
 i - a scroll of vulnerability
 m - 2 scrolls of teleportation
 n - a scroll of poison
Potions
 c - 2 potions of invisibility
 f - a potion of degeneration
 k - a potion of haste {unknown}


   Skills:
 + Level 1.3 Fighting
 + Level 2.6 Short Blades
 - Level 1.5 Dodging
 - Level 3.6 Stealth
 - Level 2.2 Spellcasting
 - Level 3.0 Hexes


You had 4 spell levels left.
You knew the following spells:

 Your Spells              Type           Power      Damage    Failure   Level
a - Ensorcelled Hibernat  Hex/Ice        10%        N/A       19%         2

Your spell library contained the following spells:

 Spells                   Type           Power      Damage    Failure   Level
 Confusing Touch          Hex            10%        N/A       21%         3
 Tukima's Dance           Hex            10%        N/A       21%         3
 Blink                    Tloc           2%         N/A       34%         2
 Dazzling Flash           Conj/Hex       10%        N/A       36%         3
 Manifold Assault         Tloc           1%         N/A       93%         4
 Storm Form               Tmut/Air       0%         N/A       100%        7


Dungeon Overview and Level Annotations

Branches:
Dungeon (2/15) Zot: 10567

Altars:


Innate Abilities, Weirdness & Mutations

You have extremely sharp teeth.
When hurt, damage is shared between your health and your magic reserves.
Your bite disrupts and absorbs the magic of your enemies.
Potions cannot restore your health.


Message History

A quokka is nearby!
A quokka is nearby!
Found a scroll labelled BUVOUHA EFUIZA.
An adder comes into view.
A rat comes into view.
The adder hisses angrily.
A jackal comes into view.
A frilled lizard comes into view.
A jackal comes into view.
The adder bites you.
The frilled lizard hisses angrily.
The jackal barks!
You hit the adder but do no damage.
The adder is poisoned.
You hear a bark!
The adder barely misses you.
A jackal comes into view.
You hit the adder but do no damage.
The adder looks as sick as possible!
You bite the adder. You drain its power.
You feel invigorated.
The adder is lightly wounded.
The adder bites you. The adder attacks as you move away! The adder bites you.
You are poisoned.
The adder poisons you!
You feel sick. The adder bites you.
You are more poisoned.
The adder poisons you! The adder attacks as you move away! The adder bites you.
You are more poisoned.
The adder poisons you!
* * * LOW HITPOINT WARNING * * *
You feel very sick.
* * * LOW HITPOINT WARNING * * *
You feel sick. The jackal barely misses you.
It was a potion of degeneration.
There was something very wrong with that liquid.
You feel weakened.
You feel dopey.
You feel clumsy.
* * * LOW HITPOINT WARNING * * *
You feel sick. The adder closely misses you.
A jackal comes into view.
The jackal closely misses you. The adder bites you but does no damage.
The quokka closely misses you.
It was a potion of heal wounds.
That seemed strangely inert.
You die...

# .. ... ....########
.....?.....# ...........#
#. ### ...h....l..#
###.##...#
.........r.######..........
.......hrh@...........###..
........hS....######.......
..............## ##........
....##.....##..###.........
...........................
...###...#######...>.......
#...# ##.......... #..#
#####......... #..##
#.............


You could see an adder (very poisoned), a quokka, 4 jackals, a frilled lizard
and a rat.

Vanquished Creatures
  A worm (D:2)
  3 dart slugs
  4 ball pythons
  An endoplasm (D:1)
  2 giant cockroaches (D:2)
  5 goblins
  2 hobgoblins
  4 jackals (D:1)
  3 quokkas
  2 bats
  A frilled lizard (D:2)
  4 kobolds
  4 rats
36 creatures vanquished.

Notes
Turn   | Place    | Note
-------+----------+-------------------------------------------
     0 | D:1      | holysushi the Vine Stalker Enchanter began the quest for
                  | the Orb.
     0 | D:1      | Reached XP level 1. HP: 9/9 MP: 4/4
    79 | D:1      | Reached skill level 1 in Short Blades
   231 | D:1      | Reached XP level 2. HP: 10/13 MP: 4/6
   841 | D:2      | Reached XP level 3. HP: 14/17 MP: 7/7
   937 | D:2      | Learned a level 2 spell: Ensorcelled Hibernation
  1091 | D:2      | Reached skill level 1 in Fighting
  1440 | D:2      | Succumbed to an adder's poison

Illustrated notes

Levels and vault maps discovered:
D:1:      lemuel_arrival_room, layout_basic
D:2:      layout_rooms

Skill      XL: |  1  2  3 |
---------------+----------+-----
Short Blades   | 1 2 |  2.6
Fighting       | 1 |  1.3
Dodging        | |  1.5
Stealth        | |  3.6
Spellcasting   | |  2.2
Hexes          | |  3.0

Action                   || total
-------------------------++-------
Melee: Dagger            ||    82
       Bite              ||    25
 Cast: Ensorcelled Hiber ||     3
  Use: Scroll            ||     3
       Potion            ||     2
 Stab: Sleeping          ||     7
Armor: Robe              ||    15
Dodge: Dodged            ||    47

Table legend: (Time is in decaauts)
 A = Elapsed time spent in this place.
 B = Non-inter-level travel time spent in this place.
 C = Inter-level travel time spent in this place.
 D = Time resting spent in this place.
 E = Time spent auto-exploring this place.
 F = Levels seen in this place.
 G = Mean time per level.
                   A        B        C        D        E       F      G
               +--------+--------+--------+--------+--------+-----+--------+
         Total |   1432 |   1400 |     32 |    293 |    569 |   2 |  716.0 |
       Dungeon |   1432 |   1400 |     32 |    293 |    569 |   2 |  716.0 |
               +--------+--------+--------+--------+--------+-----+--------+

Top non-repeatable levels by time:
     D:1: 926 daAuts
     D:2: 506 daAuts
